 Seeded DCSS version 0.30-a0-371-gad7725a93e (webtiles) character file.

Game seed: 9080351357843163333 (custom seed)

314 purpskrrrp the Poker (level 6, -3/49 HPs)
             Began as a Merfolk Fighter on Nov 23, 2022.
             Slain by a moth of wrath (8 damage)
             ... on level 3 of the Dungeon.
             The game lasted 00:05:03 (1942 turns).

purpskrrrp the Poker (Merfolk Fighter)              Turns: 1942, Time: 00:05:03

Health: -3/49      AC: 14    Str: 19    XL:     6   Next: 43%
Magic:  6/6        EV: 10    Int:  7    God:
Gold:   60         SH:  0    Dex: 13    Spells: 5/5 levels left

rFire   . . .      SeeInvis .    q - +2 scythe (protect)
rCold   + . .      Faith    .    (shield currently unavailable)
rNeg    . . .      Spirit   .    b - +0 scale mail
rPois   .          Reflect  .    (no helmet)
rElec   .          Harm     .    h - +0 cloak
rCorr   .          Rampage  .    (no gloves)
Will    .....                    (no boots)
Stlth   +.........               (no amulet)
HPRegen 0.28/turn                l - ring of protection from cold
MPRegen 0.10/turn                (no ring)

@: brilliant, under a protective aura
A: (nimble swimmer 2), mertail
a: no special abilities


You were on level 3 of the Dungeon.
You visited 1 branch of the dungeon, and saw 3 of its levels.

You collected 177 gold pieces.
You spent 117 gold pieces at shops.

Inventory:

Hand Weapons
 a - a +0 trident
 q - a +2 scythe of protection (weapon)
 r - a +1 trident of freezing
Armour
 b - a +0 scale mail (worn)
 c - a +0 buckler
 h - a +0 cloak (worn)
Jewellery
 l - a ring of protection from cold (left hand)
Wands
 d - a wand of digging (4)
Scrolls
 e - 4 scrolls of enchant armour {unknown}
 g - 3 scrolls of teleportation {unknown}
 k - 2 scrolls of blinking {unknown}
 m - 2 scrolls of torment {unknown}
 o - 2 scrolls of identify {unknown}
 s - a scroll of poison {unknown}
 t - a scroll of magic mapping {unknown}
Potions
 f - 5 potions of flight {unknown}
 i - a potion of haste {unknown}
 j - a potion of brilliance
 n - 2 potions of curing {unknown}
 p - a potion of ambrosia {unknown}
 u - a potion of cancellation {unknown}


   Skills:
 + Level 4.5 Fighting
 * Level 5.9 Polearms
 - Level 2.1 Armour
 + Level 3.3 Dodging
 + Level 3.0 Stealth
 - Level 3.0 Shields


You had 5 spell levels left.
You didn't know any spells.
Your spell library contained the following spells:

 Spells                   Type           Power      Damage    Failure   Level
 Sandblast                Erth           0%         2d4       80%         1
 Passwall                 Tmut/Erth      0%         N/A       91%         2
 Sublimation of Blood     Necr           0%         N/A       91%         2
 Hailstorm                Conj/Ice       0%         3d3       99%         3
 Ignite Poison            Fire/Tmut/Pois 0%         N/A       99%         3
 Kindle Blastsparks       Fire/Tloc/Air  0%         2d10      99%         3
 Stone Arrow              Conj/Erth      0%         3d7       99%         3
 Airstrike                Air            0%         2d(0-16)  100%        4
 Ice Form                 Ice/Tmut       0%         N/A       100%        4
 Petrify                  Tmut/Erth      0%         N/A       100%        4
 Summon Lightning Spire   Summ/Air       0%         N/A       100%        4
 Freezing Cloud           Conj/Ice/Air   0%         6-21      100%        5
 Irradiate                Conj/Tmut      0%         3d11      100%        5
 Lightning Bolt           Conj/Air       0%         1d11      100%        5
 Simulacrum               Ice/Necr       0%         N/A       100%        6


Dungeon Overview and Level Annotations

Branches:
Dungeon (3/15)

Altars:
Trog

Shops:
D:2 (

Annotations:
D:3 2 runed translucent doors, MachoJfn's ghost, amateur DrFE


Innate Abilities, Weirdness & Mutations

((You are very nimble when in or above water. (Stealth+, EV+, Speed+++)))
Your lower body shifts to a powerful aquatic tail in water.


Message History

The rat bites you but does no damage.
You barely miss the rat. The rat bites you.
The rat bites you but does no damage.
You impale the rat!!
Your weapon exudes an aura of protection.
You kill the rat!
You see here a rat corpse.
Failed to move towards target.
Failed to move towards target.
Failed to move towards target.
Failed to move towards target.
Failed to move towards target.
Failed to move towards target.
Failed to move towards target.
Failed to move towards target.
Failed to move towards target.
Failed to move towards target.
Failed to move towards target.
Failed to move towards target.
Failed to move towards target.
Failed to move towards target.
Failed to move towards target.
Aiming: Dig
Press: ? - help, Shift-Dir - straight line An iron grate.
The damaged grate falls apart.
You closely miss the moth of wrath. The moth of wrath bites you.
Okay, then.
You barely miss the moth of wrath. The moth of wrath closely misses you.
The moth of wrath bites you!
You puncture the moth of wrath!
Your weapon exudes an aura of protection.
The moth of wrath is lightly wounded.
The moth of wrath bites you!
* * * LOW HITPOINT WARNING * * *
Okay, then.
It was a potion of brilliance.
You feel clever all of a sudden. The moth of wrath bites you!
You die...

#....#
#.##.## #.
#..# #. ##.#
#####.####
##..†.†..##
##.........##
#...........#
#......y@...#
#...##.##...#
#....###....#
##.........##
#)..._....#
##....)))##
###...###
####


You could see a moth of wrath.

Vanquished Creatures
  Sigmund (D:2)
  Terence (D:2)
  3 gnolls
  3 adders (D:2)
  5 worms
  A dart slug (D:1)
  An orc (D:3)
  4 ball pythons
  4 endoplasms
  3 giant cockroaches (D:1)
  4 goblins
  9 hobgoblins
  4 jackals (D:1)
  4 kobolds (D:1)
  4 quokkas
  2 bats
  3 frilled lizards
  10 rats
66 creatures vanquished.

Notes
Turn   | Place    | Note
-------+----------+-------------------------------------------
     0 | D:1      | purpskrrrp the Merfolk Fighter began the quest for the Orb.
     0 | D:1      | Reached XP level 1. HP: 18/18 MP: 1/1
    99 | D:1      | Reached skill level 3 in Polearms
   184 | D:1      | Reached XP level 2. HP: 24/24 MP: 2/2
   195 | D:1      | Reached skill level 1 in Dodging
   244 | D:1      | Reached skill level 1 in Stealth
   285 | D:1      | Reached XP level 3. HP: 28/29 MP: 3/3
   629 | D:2      | Reached skill level 4 in Polearms
   721 | D:2      | Reached XP level 4. HP: 37/37 MP: 4/4
   772 | D:2      | Found Ostrodofo's Antique Weapon Boutique.
  1030 | D:2      | Noticed Terence
  1036 | D:2      | Killed Terence
  1052 | D:2      | Noticed Sigmund
  1074 | D:2      | Killed Sigmund
  1075 | D:2      | Reached skill level 5 in Polearms
  1075 | D:2      | Reached XP level 5. HP: 4/43 MP: 5/5
  1075 | D:2      | Reached XP level 6. HP: 4/49 MP: 6/6
  1320 | D:2      | You fall into a shaft and drop 1 floor!
  1560 | D:2      | Bought a glowing trident for 117 gold pieces
  1784 | D:3      | Found a large runed translucent door.
  1784 | D:3      | Found a large runed translucent door.
  1789 | D:3      | Noticed MachoJfn's ghost (amateur DrFE)
  1899 | D:3      | Noticed a moth of wrath
  1902 | D:3      | Found a bloodstained altar of Trog.
  1942 | D:3      | Slain by a moth of wrath

Illustrated notes

Levels and vault maps discovered:
D:1:      minmay_arrival_four_houses, layout_rooms
D:2:      layout_loops_ring, serial_shops, shop, uniq_sigmund, uniq_terence
D:3:      layout_rooms, tgw_trog, ebering_ghost_disaster_area

Skill      XL: |  1  2  3  4  5  6 |
---------------+-------------------+-----
Polearms       | 3 4 5 |  5.9
Dodging        | 1 3 |  3.3
Stealth        | 1 2 3 |  3.0
Fighting       | 4 |  4.5
Armour         | |  2.1
Shields        | |  3.0

Action                   |  1- 3 |  4- 6 || total
-------------------------+-------+-------++-------
Melee: Trident           |   122 |    30 ||   152
       Halberd           |       |    65 ||    65
Evoke: Wand              |       |     1 ||     1
  Use: Potion            |       |     2 ||     2
Armor: Scale mail        |    43 |    34 ||    77
Dodge: Dodged            |    41 |    42 ||    83
Block: Buckler           |    18 |     2 ||    20

Table legend: (Time is in decaauts)
 A = Elapsed time spent in this place.
 B = Non-inter-level travel time spent in this place.
 C = Inter-level travel time spent in this place.
 D = Time resting spent in this place.
 E = Time spent auto-exploring this place.
 F = Levels seen in this place.
 G = Mean time per level.
                   A        B        C        D        E       F      G
               +--------+--------+--------+--------+--------+-----+--------+
         Total |   1979 |   1923 |     56 |    158 |   1284 |   3 |  659.7 |
       Dungeon |   1979 |   1923 |     56 |    158 |   1284 |   3 |  659.7 |
               +--------+--------+--------+--------+--------+-----+--------+

Top non-repeatable levels by time:
     D:2: 1030 daAuts
     D:1: 560 daAuts
     D:3: 388 daAuts
